 Dungeon Crawl Stone Soup version 0.31-a0-675-g238779eb0a (webtiles) character file.

Game seed: 10627346932565691853

4319 qw the Skirmisher (level 10, -6/65 HPs)
             Began as a Gargoyle Hunter on Sept 5, 2023.
             Was a Believer of Okawaru.
             Mangled by a yak (11 damage)
             ... on level 9 of the Dungeon.
             The game lasted 00:03:27 (7381 turns).

qw the Skirmisher (Gargoyle Hunter)                 Turns: 7381, Time: 00:03:28

Health: -6/65      AC: 15    Str: 16    XL:     10   Next: 33%
Magic:  12/13      EV: 17    Int:  9    God:    Okawaru [**....]
Gold:   468        SH:  0    Dex: 17    Spells: 9/9 levels left

rFire   + . .        Y - +0 arbalest
rCold   . . .        (shield currently unavailable)
rNeg    + . .        r - +2 robe {Will+}
rPois   inf          (no helmet)
rElec   +            m - +0 cloak
rCorr   .            (no gloves)
SInv    .            d - +1 pair of boots
Will    +....        (no amulet)
Stlth   +++          c - ring of protection from fire
HPRegen 0.30/turn    (no ring)
MPRegen 0.13/turn

%: no passive effects
@: about to teleport, heroic
A: sickness immunity, AC +7, negative energy resistance 1, electricity
resistance, torment resistance 1, petrification resistance
a: Renounce Religion, Heroism


You were on level 9 of the Dungeon.
You worshipped Okawaru.
Okawaru was pleased with you.
You visited 2 branches of the dungeon, and saw 10 of its levels.
You also visited: Sewer.

You collected 468 gold pieces.


Innate Abilities, Weirdness & Mutations

You are immune to sickness and miasma.
Your stone body is resilient. (AC +7)
You are immune to poison.
You resist negative energy. (rN+)
You are resistant to electric shocks. (rElec)
You are resistant to unholy torment.
You are immune to petrification.


   Skills:
 - Level 8.9(13.9) Fighting
 + Level 11.5(16.5) Ranged Weapons
 - Level 3.1(8.1) Armour
 - Level 3.4(8.4) Dodging
 - Level 1.1(6.1) Stealth
 - Level 4.1 Invocations


You had 9 spell levels left.
You didn't know any spells.
Your spell library was empty.

Inventory:

Hand Weapons
 Y - a +0 arbalest (weapon)
Armour
 d - a +1 pair of boots (worn)
 m - a +0 cloak (worn)
 r - a +2 robe of willpower (worn)
Jewellery
 c - a ring of protection from fire (left hand)
Scrolls
 b - a scroll of identify
 g - 2 scrolls of teleportation
 i - a scroll of blinking {unknown}
Potions
 a - 3 potions of heal wounds
 e - a potion of resistance
 f - 3 potions of haste
 h - a potion of magic {unknown}
 j - 3 potions of mutation
 k - 4 potions of might
 l - a potion of lignification {unknown}
 n - a potion of attraction {unknown}
 o - a potion of invisibility {unknown}
 p - a potion of curing

Dungeon Overview and Level Annotations

Branches:
Dungeon (9/15)             Temple (1/1) D:5           Sewer (visited)
   Lair: D:8-11         Orc: D:9-12

Altars:
Ashenzari
Cheibriados
Dithmenos
Elyvilon
Fedhas
Gozag
Hepliaklqana
Kikubaaqudgha
Makhleb
Nemelex Xobeh
Okawaru
Qazlal
Ru
Trog
Uskayaw
Vehumet
Wu Jian
Xom
Yredelemnul
Zin
The Shining One

Annotations:
D:6 1 runed translucent door, qw's ghost, novice MiHs


Message History

Enter note:
7370 |||
Found retreat position at 3,3 (floor) with 0 blocking monsters and 2 monsters attacking at destination at distance 3
7370 ||| Stepping ~*~*~tactically~*~*~ (retreating).
The yak attacks as it pursues you! The yak gores you.
The yak attacks as it pursues you! The yak gores you.
Enter note:
7371 |||
Found retreat position at 2,2 (floor) with 0 blocking monsters and 2 monsters attacking at destination at distance 2
7371 ||| Stepping ~*~*~tactically~*~*~ (retreating).
The yak attacks as it pursues you! The yak gores you.
Enter note:
7372 |||
Found retreat position at 1,1 (floor) with 0 blocking monsters and 2 monsters attacking at destination at distance 1
7372 ||| Stepping ~*~*~tactically~*~*~ (retreating).
The bullfrog gives a loud, deep croak!
7373 ||| INVOKING Heroism.
You gain the combat prowess of a mighty hero.
The yak closely misses you. The yak barely misses you.
You shoot a bolt. The bolt closely misses the yak.
The yak gores you! The yak gores you but does no damage.
You shoot a bolt. The bolt completely misses the yak.
The yak gores you but does no damage. The yak barely misses you.
You shoot a bolt. The bolt barely misses the yak.
The yak closely misses you. The yak gores you!
You shoot a bolt.
The bolt hits the yak but does no damage.
The yak is lightly wounded.
The yak closely misses you. The yak completely misses you.
You shoot a bolt. The bolt hits the yak!
The yak is moderately wounded.
The yak misses you. The yak closely misses you.
You shoot a bolt. The bolt hits the yak!!
The yak is almost dead.
The yak gores you. The yak gores you but does no damage.
You shoot a bolt. The bolt closely misses the yak.
The yak gores you but does no damage. The yak gores you.
The yak closely misses you.
7381 ||| READING 3 scrolls of teleportation.
As you read the scroll of teleportation, it crumbles to dust.
You feel strangely unstable. The yak gores you! x2
You die...

#.###.....###.###
#.# ##...##.....#
#.####..........#
####.##.#........###
##.....#.###......#
#..##..#..##..)...#
#.###......##..FY##
##.###......##.YY##
#<..##..#....###@#
##.##...#....#####
........##.....#
.:....).##.)...#
(.......##...###
.........#...#
>..........###
...........#
...........#


You could see 3 yaks and a bullfrog.

Vanquished Creatures
  A two-headed ogre (D:6)
  Pikel (D:8)
  Jeremiah (D:7)
  A troll (D:9)
  A wyvern (D:8)
  Eustachio (D:6)
  2 water moccasins
  Duvessa (D:5)
  2 sky beasts
  An ogre (D:7)
  3 lemures (D:8)
  4 kobold brigands (Sewer)
  3 bullfrogs
  A gnoll sergeant (D:7)
  3 scorpions
  4 wights (D:7)
  Dowan (D:5)
  A howler monkey (D:5)
  A crimson imp (D:5)
  2 hounds (D:5)
  3 orc priests
  A sleepcap (D:5)
  Jessica (D:2)
  5 iguanas
  7 orc wizards
  16 adders
  3 gnolls (D:7)
  4 river rats (Sewer)
  A white imp (D:5)
  2 adder zombies (D:2)
  2 worms (D:6)
  6 dart slugs
  22 orcs
  15 ball pythons
  7 endoplasms
  3 giant cockroaches
  3 goblins
  7 hobgoblins
  5 jackals
  2 quokkas (D:3)
  A ball python skeleton (D:2)
  6 bats
  2 frilled lizards (Sewer)
  18 kobolds
  A quokka skeleton (D:2)
  20 rats
198 creatures vanquished.

Notes
Turn   | Place    | Note
-------+----------+-------------------------------------------
     0 | D:1      | qw the Gargoyle Hunter began the quest for the Orb.
     0 | D:1      | Reached XP level 1. HP: 12/12 MP: 1/1
     0 | D:1      | 0 ||| qw: Version: 0.3-a-75-g829b12e
     0 | D:1      | 0 ||| qw: Game counter: 116
     0 | D:1      | 0 ||| qw: Melee chars always use a shield: true
     0 | D:1      | 0 ||| qw: God list: Okawaru
     0 | D:1      | 0 ||| qw: Allow faded altars: false
     0 | D:1      | 0 ||| qw: Do Orc after clearing Dungeon:15 true
     0 | D:1      | 0 ||| qw: Do second Lair branch before Depths: true
     0 | D:1      | 0 ||| qw: Lair rune preference: random
     0 | D:1      | 0 ||| qw: Goals: Normal
     0 | D:1      | 0 ||| PLANNING D:1-11
    11 | D:1      | Noticed a dwarf
    11 | D:1      | Noticed a demonspawn zombie
    13 | D:1      | Noticed a vampire
    17 | D:1      | Noticed a dwarf
    17 | D:1      | Noticed a formicid
    19 | D:1      | Noticed a vine stalker
    21 | D:1      | Noticed a vampire
    80 | D:1      | Found a faded altar of an unknown god.
    92 | D:1      | Reached XP level 2. HP: 17/17 MP: 2/2
   321 | D:1      | Reached XP level 3. HP: 21/21 MP: 3/3
   394 | D:1      | Reached skill level 5 in Ranged Weapons
   742 | D:1      | 742 ||| UPGRADING to +0 pair of boots.
   747 | D:1      | 747 ||| UPGRADING to +0 ring mail.
   757 | D:1      | 757 ||| DROPPING +0 leather armour.
   758 | D:1      | 758 ||| UPGRADING to amulet of guardian spirit.
   763 | D:1      | 763 ||| READING scroll labelled REITUN YNIGIYD.
   764 | D:1      | 764 ||| READING 2 scrolls labelled RIMYCO RASE.
   768 | D:1      | 768 ||| READING scroll labelled KUOBRA XEIN.
   769 | D:1      | 769 ||| DROPPING scroll of butterflies.
   825 | D:2      | Noticed Jessica
   831 | D:2      | Killed Jessica
   832 | D:2      | Reached skill level 1 in Armour
   832 | D:2      | Reached XP level 4. HP: 22/27 MP: 2/4
   835 | D:2      | 835 ||| FLEEEEING.
   948 | D:2      | Reached skill level 3 in Fighting
  1212 | D:2      | 1212 ||| UPGRADING to +0 cloak.
  1217 | D:2      | 1217 ||| UPGRADING to ring of protection from fire.
  1218 | D:2      | 1218 ||| READING scroll labelled ZAMPIA GEBRIN.
  1219 | D:2      | 1219 ||| READING scroll labelled GIGONIGASHA.
  1220 | D:2      | 1220 ||| READING scroll labelled RUTADW COSONK.
  1372 | D:3      | Reached XP level 5. HP: 32/32 MP: 5/5
  1773 | D:3      | Reached skill level 6 in Ranged Weapons
  1900 | D:3      | 1900 ||| READING scroll of enchant weapon.
  1900 | D:3      | 1900 ||| ENCHANTING +1 shortbow.
  2292 | D:3      | 2292 ||| READING scroll labelled CAAFYX KUUMETY.
  2402 | D:4      | 2402 ||| Stepping ~*~*~tactically~*~*~ (outnumbered).
  2404 | D:4      | 2404 ||| Stepping ~*~*~tactically~*~*~ (outnumbered).
  2419 | D:4      | Reached XP level 6. HP: 28/38 MP: 3/6
  2423 | D:4      | 2423 ||| FLEEEEING.
  2424 | D:4      | 2424 ||| FLEEEEING.
  2425 | D:4      | 2425 ||| FLEEEEING.
  2426 | D:4      | 2426 ||| STAIRDANCE
  2494 | D:4      | 2494 ||| STAIRDANCE
  3122 | D:4      | 3122 ||| READING scroll labelled POUSEMI XERAI.
  3123 | D:4      | 3123 ||| READING scroll labelled TUMAADO TUOLL.
  3124 | D:4      | 3124 ||| DRINKING 2 murky blue potions.
  3125 | D:4      | 3125 ||| DRINKING 2 orange potions.
  3126 | D:4      | 3126 ||| DRINKING 3 white potions.
  3178 | D:5      | Entered Level 5 of the Dungeon
  3180 | D:5      | 3180 ||| STAIRDANCE
  3221 | D:5      | 3221 ||| READING scroll of enchant armour.
  3221 | D:5      | 3221 ||| ENCHANTING +0 pair of boots.
  3254 | D:5      | Reached skill level 7 in Ranged Weapons
  3254 | D:5      | Reached XP level 7. HP: 43/43 MP: 7/7
  3283 | D:5      | Found a white marble altar of Elyvilon.
  3286 | D:5      | Found an ornate altar of the Wu Jian Council.
  3318 | D:5      | Noticed Duvessa
  3320 | D:5      | Noticed Dowan
  3323 | D:5      | Killed Duvessa
  3326 | D:5      | Killed Dowan
  3378 | D:5      | Found a staircase to the Ecumenical Temple.
  3379 | D:5      | 3379 ||| PLANNING TEMPLE
  3379 | D:5      | 3379 ||| DROPPING ring of magical power.
  3380 | D:5      | 3380 ||| READING scroll labelled LULIVUM NOIWU.
  3381 | D:5      | 3381 ||| READING scroll labelled ANIELOGARGH.
  3388 | D:5      | Reached skill level 8 in Ranged Weapons
  3390 | D:5      | 3390 ||| Stepping ~*~*~tactically~*~*~ (water).
  3399 | Temple   | Entered the Ecumenical Temple
  3400 | Temple   | 3400 ||| PLANNING OKAWARU WORSHIP
  3412 | Temple   | Became a worshipper of Warmaster Okawaru
  3413 | Temple   | 3413 ||| PLANNING D:1-11
  3413 | Temple   | 3413 ||| REMOVING amulet of guardian spirit.
  3418 | Temple   | 3418 ||| DROPPING amulet of guardian spirit.
  3447 | D:5      | 3447 ||| DRINKING potion of curing.
  3447 | D:5      | 3447 ||| (to cure confusion)
  3490 | D:5      | 3490 ||| FLEEEEING.
  3595 | D:5      | Found a shimmering altar of Xom.
  3596 | D:5      | Found a burning altar of Makhleb.
  3759 | D:5      | 3759 ||| DRINKING 2 gluggy blue potions.
  3760 | D:5      | 3760 ||| READING 2 scrolls of identify.
  3760 | D:5      | 3760 ||| IDENTIFYING viscous sapphire potion
  3782 | D:6      | 3782 ||| PLANNING SEWER
  3782 | D:6      | Noticed a two-headed ogre
  3792 | D:6      | Killed a two-headed ogre
  3792 | D:6      | Reached * piety under Okawaru
  3792 | D:6      | Reached ** piety under Okawaru
  3793 | D:6      | Reached skill level 9 in Ranged Weapons
  3793 | D:6      | Reached XP level 8. HP: 25/49 MP: 8/8
  3793 | D:6      | 3793 ||| INVOKING Heroism.
  3794 | D:6      | 3794 ||| INVOKING Heroism.
  3928 | D:6      | Found a runed translucent door.
  3928 | D:6      | Noticed Eustachio
  3929 | D:6      | 3929 ||| INVOKING Heroism.
  3933 | D:6      | 3933 ||| RETREATING.
  3934 | D:6      | 3934 ||| Stepping ~*~*~tactically~*~*~ (retreating).
  3935 | D:6      | 3935 ||| Stepping ~*~*~tactically~*~*~ (retreating).
  3936 | D:6      | 3936 ||| Stepping ~*~*~tactically~*~*~ (retreating).
  3937 | D:6      | 3937 ||| Stepping ~*~*~tactically~*~*~ (retreating).
  3939 | D:6      | 3939 ||| INVOKING Heroism.
  3948 | D:6      | 3948 ||| INVOKING Heroism.
  3950 | D:6      | Killed Eustachio
  3951 | D:6      | Reached skill level 1 in Invocations
  4024 | D:6      | Reached XP level 9. HP: 53/55 MP: 10/10
  4042 | D:6      | 4042 ||| FLEEEEING.
  4043 | D:6      | 4043 ||| FLEEEEING.
  4044 | D:6      | 4044 ||| FLEEEEING.
  4045 | D:6      | 4045 ||| FLEEEEING.
  4046 | D:6      | 4046 ||| FLEEEEING.
  4048 | D:6      | 4048 ||| FLEEEEING.
  4049 | D:6      | 4049 ||| FLEEEEING.
  4050 | D:6      | 4050 ||| FLEEEEING.
  4091 | D:6      | Found a glowing drain.
  4092 | D:6      | 4092 ||| READING scroll labelled AXZA QALIU.
  4093 | D:6      | 4093 ||| READING scroll labelled OGOATI AWNUZI.
  4159 | Sewer    | Entered a sewer
  4196 | Sewer    | 4196 ||| Stepping ~*~*~tactically~*~*~ (outnumbered).
  4198 | Sewer    | 4198 ||| Stepping ~*~*~tactically~*~*~ (outnumbered).
  4264 | Sewer    | Reached skill level 6 in Fighting
  4264 | Sewer    | Reached skill level 3 in Invocations
  4269 | Sewer    | Reached skill level 10 in Ranged Weapons
  4334 | Sewer    | 4334 ||| Stepping ~*~*~tactically~*~*~ (water).
  4389 | Sewer    | 4389 ||| Stepping ~*~*~tactically~*~*~ (outnumbered).
  4391 | Sewer    | 4391 ||| Stepping ~*~*~tactically~*~*~ (outnumbered).
  4399 | Sewer    | Reached skill level 3 in Armour
  4667 | D:6      | 4667 ||| PLANNING D:1-11
  4810 | D:6      | Noticed qw's ghost (novice MiHs)
  5030 | D:6      | Found a snail-covered altar of Cheibriados.
  5230 | D:7      | Found a shadowy altar of Dithmenos.
  5314 | D:7      | 5314 ||| INVOKING Heroism.
  5359 | D:7      | 5359 ||| SWAPPING to +0 arbalest.
  5360 | D:7      | 5360 ||| DROPPING +2 heavy shortbow.
  5505 | D:7      | Noticed Jeremiah
  5506 | D:7      | 5506 ||| FLEEEEING.
  5507 | D:7      | 5507 ||| FLEEEEING.
  5515 | D:7      | 5515 ||| RETREATING.
  5526 | D:7      | 5526 ||| INVOKING Heroism.
  5534 | D:7      | HP: 8/57 [Jeremiah/divine providence (12)]
  5535 | D:7      | 5535 ||| READING 5 scrolls of teleportation.
  5536 | D:7      | 5536 ||| DRINKING 4 potions of heal wounds.
  5655 | D:7      | 5655 ||| INVOKING Heroism.
  5659 | D:7      | Reached skill level 11 in Ranged Weapons
  5747 | D:7      | 5747 ||| INVOKING Heroism.
  5754 | D:7      | HP: 12/57 [Jeremiah/divine providence (13)]
  5755 | D:7      | 5755 ||| READING 4 scrolls of teleportation.
  5756 | D:7      | 5756 ||| DRINKING 3 potions of heal wounds.
  5848 | D:7      | 5848 ||| FLEEEEING.
  5876 | D:7      | 5876 ||| INVOKING Heroism.
  5900 | D:7      | 5900 ||| INVOKING Heroism.
  5910 | D:7      | Killed Jeremiah
  5911 | D:7      | Reached skill level 3 in Dodging
  6455 | D:8      | 6455 ||| INVOKING Heroism.
  6460 | D:8      | Reached XP level 10. HP: 38/63 MP: 10/13
  6559 | D:8      | 6559 ||| RETREATING.
  6560 | D:8      | Noticed Pikel
  6561 | D:8      | 6561 ||| RETREATING.
  6562 | D:8      | 6562 ||| FLEEEEING.
  6563 | D:8      | 6563 ||| FLEEEEING.
  6564 | D:8      | 6564 ||| FLEEEEING.
  6566 | D:8      | 6566 ||| Stepping ~*~*~tactically~*~*~ (retreating).
  6568 | D:8      | 6568 ||| Stepping ~*~*~tactically~*~*~ (retreating).
  6573 | D:8      | 6573 ||| INVOKING Heroism.
  6584 | D:8      | Killed Pikel
  6587 | D:8      | 6587 ||| INVOKING Heroism.
  6851 | D:8      | 6851 ||| FLEEEEING.
  6854 | D:8      | 6854 ||| FLEEEEING.
  6859 | D:8      | 6859 ||| INVOKING Heroism.
  6969 | D:8      | Found a sacrificial altar of Ru.
  7231 | D:8      | Found a glowing golden altar of the Shining One.
  7237 | D:8      | 7237 ||| UPGRADING to +2 robe of willpower.
  7247 | D:8      | 7247 ||| DROPPING +0 ring mail.
  7248 | D:8      | 7248 ||| READING scroll labelled NUBAHYCLIHA.
  7249 | D:8      | 7249 ||| READING 2 scrolls of identify.
  7249 | D:8      | 7249 ||| IDENTIFYING metallic white potion
  7332 | D:9      | 7332 ||| Stepping ~*~*~tactically~*~*~ (outnumbered).
  7336 | D:9      | 7336 ||| INVOKING Heroism.
  7363 | D:9      | 7363 ||| Stepping ~*~*~tactically~*~*~ (retreating).
  7364 | D:9      | 7364 ||| Stepping ~*~*~tactically~*~*~ (retreating).
  7365 | D:9      | 7365 ||| RETREATING.
  7367 | D:9      | 7367 ||| Stepping ~*~*~tactically~*~*~ (retreating).
  7368 | D:9      | 7368 ||| Stepping ~*~*~tactically~*~*~ (retreating).
  7369 | D:9      | 7369 ||| Stepping ~*~*~tactically~*~*~ (retreating).
  7370 | D:9      | 7370 ||| Stepping ~*~*~tactically~*~*~ (retreating).
  7371 | D:9      | 7371 ||| Stepping ~*~*~tactically~*~*~ (retreating).
  7372 | D:9      | 7372 ||| Stepping ~*~*~tactically~*~*~ (retreating).
  7373 | D:9      | 7373 ||| INVOKING Heroism.
  7380 | D:9      | HP: 13/65 [yak (6)]
  7381 | D:9      | 7381 ||| READING 3 scrolls of teleportation.
  7381 | D:9      | HP: 5/65 [yak (8)]
  7381 | D:9      | Mangled by a yak

Levels and vault maps discovered:
D:1:      shiori_arrival_whats_in_store_for_you, layout_basic,
          basic_ecumenical_altar, nicolae_kite_square_tiling_tiny,
          minmay_misc_feat_rugged, minmay_ruptured
D:2:      layout_rooms, serial_undead, serial_undead_b, serial_undead_a,
          serial_undead_f, serial_undead_e, uniq_jessica
D:3:      layout_basic, minmay_snake_closets
D:4:      layout_basic, minmay_crystal_room
D:5:      layout_cave_pools, grunt_temple_overflow_champion_of_chaos,
          nicolae_overflow_squiral, minmay_temple_entry_mist,
          chequers_mini_garden, kennysheep_generic_room_5, uniq_duvessa
D:6:      layout_loops_ring, kennysheep_slug_shrine,
          cheibrodos_sewer_entry_drain, ebering_ghost_reflecting_pool,
          uniq_eustachio
D:7:      layout_loops_ring, mainiacjoe_overflow_catwalk, hangedman_glass_teeth,
          minivault_23, kennysheep_crisscross, uniq_jeremiah
D:8:      layout_rooms, tso_altar, nicolae_ru_awakened_eye, uniq_pikel
D:9:      minmay_flawed_box, layout_cross, nicolae_sif_muna_little_library,
          uniq_gastronok
Temple:   cyrus_circular_temple

Skill      XL: |  1  2  3  4  5  6  7  8  9 10 |
---------------+-------------------------------+-----
Ranged Weapons | 5 6 7 9 11 | 11.5
Armour         | 1 2 3 |  3.1
Fighting       | 3 4 5 7 8 |  8.9
Dodging        | 2 3 |  3.4
Invocations    | 2 4 |  4.1
Stealth        | |  1.1

Action                     |  1- 3 |  4- 6 |  7- 9 | 10-12 || total
---------------------------+-------+-------+-------+-------++-------
   Fire: Shortbow          |    85 |   186 |   230 |       ||   501
         Arbalest          |       |       |    44 |    74 ||   118
 Invoke: Heroism           |       |       |    11 |     5 ||    16
    Use: Scroll            |     3 |     8 |     7 |     3 ||    21
         Potion            |       |     3 |     4 |       ||     7
 Armour: Leather armour    |    27 |       |       |       ||    27
         Ring mail         |       |    81 |   141 |    29 ||   251
         Robe              |       |       |       |    19 ||    19
  Dodge: Dodged            |    19 |    65 |   100 |    34 ||   218

Table legend:
 A = Non-vault XP
 B = Vault XP
 C = Vault XP percentage of total XP
 D = Non-vault monster count
 E = Vault monster count
 F = Vault count percentage of total count
                 A         B        C        D         E       F
            +---------+---------+-------+---------+---------+-------
      Total |    3816 |    2354 |  38.2 |     113 |      82 |  42.1
            +---------+---------+-------+---------+---------+-------
        D:1 |      50 |       4 |   7.4 |      23 |       3 |  11.5
        D:2 |      26 |      51 |  66.2 |       9 |       5 |  35.7
        D:3 |      23 |     149 |  86.6 |      13 |      12 |  48.0
        D:4 |     146 |       0 |   0.0 |      12 |       0 |   0.0
        D:5 |     444 |     266 |  37.5 |      14 |       3 |  17.6
        D:6 |    1283 |     212 |  14.2 |      10 |       5 |  33.3
        D:7 |     924 |     400 |  30.2 |      20 |       1 |   4.8
        D:8 |     619 |     651 |  51.3 |      11 |       1 |   8.3
        D:9 |     301 |     107 |  26.2 |       1 |       3 |  75.0
      Sewer |       0 |     514 | 100.0 |       0 |      49 | 100.0
            +---------+---------+-------+---------+---------+-------
